 Dungeon Crawl Stone Soup version 0.27.1-1-g398f81649c (webtiles) character file.

Game seed: 13118367099718805554

28 H0rd4k the Insei (level 3, -2/23 HPs)
             Began as an Octopode Transmuter on Sept 13, 2021.
             Slain by a kobold (3 damage)
             ... on level 2 of the Dungeon.
             The game lasted 00:01:16 (1568 turns).

H0rd4k the Insei (Octopode Transmuter)              Turns: 1568, Time: 00:01:17

Health: -2/23      AC:  1    Str:  9    XL:     3   Next: 12%
Magic:  6/6        EV: 13    Int: 16    God:
Gold:   60         SH:  0    Dex: 12    Spells: 5/6 levels left

rFire    . . .     SeeInvis .     - Unarmed
rCold    . . .     Faith    .   (no shield)
rNeg     . . .     Spirit   .   (helmet restricted)
rPois    .         Reflect  .   (no amulet)
rElec    .         Harm     .   (no ring)
rCorr    .         Rampage  .   (no ring)
Will     .....                  (no ring)
Stlth    ++........             (no ring)
HPRegen  0.07/turn              (no ring)
MPRegen  0.10/turn              (no ring)
                                (no ring)
                                (no ring)

@: no status effects
A: almost no armour, amphibious, 8 rings, camouflage 1, gelatinous body 1,
(nimble swimmer 1), tentacles
a: no special abilities


You were on level 2 of the Dungeon.
You visited 1 branch of the dungeon, and saw 2 of its levels.

You collected 60 gold pieces.

Inventory:

Jewellery
 c - an amulet of faith
Scrolls
 a - a scroll of identify {unknown}
 b - a scroll of noise {unknown}
 d - 2 scrolls of enchant weapon {unknown}


   Skills:
 + Level 1.0 Fighting
 + Level 2.5 Dodging
 + Level 3.5 Unarmed Combat
 * Level 2.2 Spellcasting
 * Level 2.2 Transmutations


You had 5 spell levels left.
You knew the following spells:

 Your Spells              Type           Power      Damage    Failure   Level
a - Beastly Appendage     Tmut           16%        N/A       9%          1

Your spell library contained the following spells:

 Spells                   Type           Power      Damage    Failure   Level
 Wereblood                Tmut           8%         N/A       12%         2
 Spider Form              Tmut/Pois      2%         N/A       36%         3
 Ice Form                 Ice/Tmut       5%         N/A       78%         4


Dungeon Overview and Level Annotations

Branches:
Dungeon (2/15)

Altars:


Innate Abilities, Weirdness & Mutations

You cannot wear most types of armour.
You are amphibious.
You can wear up to eight rings at the same time.
Your skin changes colour to match your surroundings (Stealth+).
Your rubbery body absorbs attacks. (AC +1, EV +1)
((You are camouflaged near water. (Stealth+)))
You have tentacles for arms and can constrict up to eight enemies at once.


Message History

* * * LOW HITPOINT WARNING * * *
You closely miss the kobold. You grab the kobold. You squeeze the kobold.
The kobold is moderately wounded.
You constrict the kobold. The kobold closely misses you.
You tentacle-slap the kobold but do no damage.
The kobold is severely wounded.
You constrict the kobold.
You kill the kobold!
You tentacle-slap the kobold. Your grab misses the kobold.
The kobold is moderately wounded.
The kobold hits you with a +0 dagger.
* * * LOW HITPOINT WARNING * * *
You barely miss the kobold. Your grab misses the kobold.
The kobold is moderately wounded.
The kobold hits you with a +0 dagger.
* * * LOW HITPOINT WARNING * * *
Casting: Beastly Appendage (safe; 9% risk of failure)
Confirm with . or Enter, or press ? or * to list all spells.
You don't know that spell.
You barely miss the kobold. You grab the kobold.
The kobold is moderately wounded.
You constrict the kobold. The kobold barely misses you.
You completely miss the kobold.
The kobold is heavily wounded.
You constrict the kobold, but do no damage.
The kobold hits you but does no damage.
You tentacle-slap the kobold.
Your tentacle-slap misses the kobold.
The kobold is severely wounded.
You constrict the kobold.
You kill the kobold!
The kobold throws a stone.
The stone closely misses you. The kobold hits you but does no damage.
Things that are here:
a +0 dagger; a +0 dagger; a kobold corpse You closely miss the kobold.
Your grab misses the kobold.
The kobold hits you with a +0 short sword.
* * * LOW HITPOINT WARNING * * *
You closely miss the kobold. Your grab misses the kobold.
The kobold hits you with a +0 short sword.
You die...

.####### .# .# ######### .#
≈≈≈≈≈≈≈.## .# ≈≈≈≈≈≈...# ###
.#. .........####.. ..
...........##.# .#.
.........#K##.# # .
≈≈≈≈≈≈...#@##.# #
≈≈≈≈≈≈≈.##.##.# ##
##########.##.### .# #......#
.###############......#
##.#..................#######.
...#...########...............
.#####>...............########
...#.....†............#


You could see a kobold.

Vanquished Creatures
  3 ball pythons
  2 bats
  3 endoplasms
  3 giant cockroaches
  A goblin (D:1)
  A hobgoblin (D:1)
  6 kobolds
  A quokka (D:1)
  4 frilled lizards
  A rat (D:1)
25 creatures vanquished.

Notes
Turn   | Place    | Note
-------+----------+-------------------------------------------
     0 | D:1      | H0rd4k the Octopode Transmuter began the quest for the Orb.
     0 | D:1      | Reached XP level 1. HP: 13/13 MP: 3/3
   432 | D:1      | Reached XP level 2. HP: 18/18 MP: 5/5
  1421 | D:2      | Reached XP level 3. HP: 21/23 MP: 6/6
  1567 | D:2      | HP: 1/23 [kobold (2)]
  1568 | D:2      | Slain by a kobold

Illustrated notes

Levels and vault maps discovered:
D:1:      dpeg_arrival_tiny_j, layout_basic, serial_forest,
          infiniplex_forest_lined_3, infiniplex_forest_clump_curved,
          infiniplex_forest_lined_room_2, infiniplex_forest_clump_diagonal,
          infiniplex_forest_clump_small, infiniplex_forest_join,
          infiniplex_forest_split
D:2:      minmay_kobold_bridge, layout_loops_ring,
          hellmonk_ecumenical_altar_prayer_group

Action                   || total
-------------------------++-------
Melee: Unarmed           ||    71
       Constrict         ||    18
       Tentacles         ||    13
       Punch             ||     1
 Stab: Sleeping          ||     4
Armor: Skin              ||    10
Dodge: Dodged            ||    46
